[Event "Titled Tuesday Blitz November 22 Late 2022"]
[White "Danielyan, Vahe"]
[Black "Marchesich, Giovanni"]
[WhiteFideId "13304828"]
[BlackFideId "2824790"]
[WhiteElo "2423"]
[BlackElo "2200"]
[Result "1-0"]
[Round "01"]
[TimeControl "180+1"]
[Date "2022.11.23"]
[WhiteClock "0:00:38"]
[BlackClock "0:01:09"]

1. c4 g6 2. Nc3 Bg7 3. g3 f6 4. Bg2 Nh6 5. Nf3 Nf7 6. O-O O-O 7. b3 e5 8. Bb2 d6 9. d4 Nc6 10. d5 Ne7 11. Rc1 f5 12. Re1 g5 13. Nd2 Ng6 14. b4 g4 15. c5 Ng5 16. Nc4 f4 17. Ne4 f3 18. exf3 Nxf3+ 19. Bxf3 gxf3 20. cxd6 cxd6 21. Ncxd6 Bg4 22. Nc4 Bh6 23. Rc2 Rf5 24. d6 Rh5 25. Qd5+ Kh8 26. Nxe5 Bg7 27. Nf7+ Kg8 28. Nxd8+ Rxd5 29. Bxg7 Kxg7 30. Nxb7 Rb8 31. Rc7+ Kh6 32. Nf6 Rb5 33. Rxh7+ Kg5 34. Ne4+ Kf5 35. Rf7+ Ke6 36. Rf6+ Kd5 37. Rxg6 R5xb7 38. Rxg4 Rxb4 39. Nc3+ Kxd6 40. Rxb4 Rxb4 41. h4 1-0


[Site "https://www.chess.com"]

[Event "Titled Tuesday Blitz November 22 Late 2022"]
[White "Dardha, Daniel"]
[Black "Reprintsev, Alexander"]
[WhiteFideId "240990"]
[BlackFideId "14100541"]
[WhiteElo "2528"]
[BlackElo "2230"]
[Result "1-0"]
[Round "01"]
[TimeControl "180+1"]
[Date "2022.11.23"]
[WhiteClock "0:01:29"]
[BlackClock "0:00:15"]

1. d4 d5 2. c4 e5 3. dxe5 d4 4. Nf3 Nc6 5. g3 Nge7 6. Bg2 Ng6 7. O-O Ngxe5 8. Nxe5 Nxe5 9. e3 dxe3 10. Qe2 Qd3 11. Qxd3 Nxd3 12. Bxe3 Be7 13. Nc3 c6 14. Bd4 O-O 15. b3 Bc5 16. Bxc5 Nxc5 17. b4 Nd3 18. a3 Be6 19. c5 Rad8 20. Rfd1 Nb2 21. Rxd8 Rxd8 22. Ne4 Nc4 23. h4 f5 24. Ng5 Bd5 25. Re1 Bxg2 26. Kxg2 h6 27. Nh3 Rd2 28. Re7 Nxa3 29. Rxb7 Nc2 30. b5 cxb5 31. c6 Ne3+ 32. Kf3 Nd5 33. c7 Nxc7 34. Rxc7 a5 35. Rc5 Rb2 36. Nf4 a4 37. Rxf5 a3 38. Ng6 h5 39. Ne7+ 1-0


[Site "https://www.chess.com"]

[Event "Titled Tuesday Blitz November 22 Late 2022"]
[White "De La Colina, Nicolas"]
[Black "Dylag, Emilia"]
[WhiteFideId "30946921"]
[BlackFideId "21805172"]
[WhiteElo "2046"]
[BlackElo "1878"]
[Result "0-1"]
[Round "01"]
[TimeControl "180+1"]
[Date "2022.11.23"]
[WhiteClock "0:00:03"]
[BlackClock "0:00:15"]

1. e4 e5 2. Nf3 Nc6 3. Bc4 Nf6 4. d3 Be7 5. c3 O-O 6. Bb3 h6 7. Nbd2 d5 8. h3 Be6 9. Bc2 Qd7 10. Qe2 Rad8 11. Nf1 Bc5 12. Ng3 Rfe8 13. Nh4 b5 14. Qf3 dxe4 15. dxe4 Nh7 16. O-O Qe7 17. Nhf5 Qf6 18. Nxh6+ gxh6 19. Qh5 Bf8 20. Be3 Qg6 21. Qf3 Ng5 22. Bxg5 hxg5 23. Bb3 g4 24. hxg4 Qxg4 25. Qe3 Qf4 26. Qe2 a6 27. Rfd1 Bc5 28. Nh5 Qg5 29. a4 Bxb3 30. Rxd8 Rxd8 31. axb5 axb5 32. Qxb5 Qxh5 33. Qxc5 Rd1+ 34. Rxd1 Qxd1+ 35. Kh2 Qh5+ 36. Kg1 Qg6 37. f3 Kg7 38. Qb5 Bd1 39. Qf1 Ba4 40. Qa6 Bb3 41. Qb5 Qe6 42. Qc5 Qc4 43. Qf2 Ne7 44. Qd2 Ng6 45. Kh2 Nf4 46. Qf2 Qe6 47. Kg1 Bc4 48. Qc5 Kh6 49. Qf2 Qg6 50. Qh4+ Kg7 51. g4 Ne2+ 52. Kf2 Nf4 53. Qe7 Nd3+ 54. Ke3 Qf6 55. Qxc7 Qf4+ 56. Ke2 Nxb2+ 57. Ke1 Qe3# 0-1


[Site "https://www.chess.com"]

[Event "Titled Tuesday Blitz November 22 Late 2022"]
[White "Deac, Bogdan-Daniel"]
[Black "Dzierzak, Radoslaw"]
[WhiteFideId "1226380"]
[BlackFideId "1161407"]
[WhiteElo "2648"]
[BlackElo "2111"]
[Result "1-0"]
[Round "01"]
[TimeControl "180+1"]
[Date "2022.11.22"]
[WhiteClock "0:00:14"]
[BlackClock "0:00:03"]

1. b3 e5 2. Bb2 Nc6 3. Nf3 e4 4. Nd4 Nxd4 5. Bxd4 Qg5 6. c4 Nf6 7. Nc3 c6 8. Bxf6 Qxf6 9. Nxe4 Qe6 10. Nc3 Bb4 11. e3 O-O 12. Bd3 d5 13. cxd5 cxd5 14. Ne2 Qf6 15. Nf4 d4 16. Nd5 Qd6 17. Nxb4 Qxb4 18. O-O Be6 19. Qe2 Rfd8 20. e4 a5 21. f4 f6 22. f5 Bf7 23. e5 fxe5 24. f6 g6 25. Rae1 Re8 26. Bb5 Re6 27. Bc4 Ree8 28. Bxf7+ Kxf7 29. Qe4 Rad8 30. Qh4 h5 31. Qg5 d3 32. Qh6 Qd4+ 33. Kh1 Ke6 34. f7 Re7 35. f8=Q Rxf8 36. Qxg6+ Kd7 37. Rxf8 1-0


[Site "https://www.chess.com"]

[Event "Titled Tuesday Blitz November 22 Late 2022"]
[White "Desideri, Ricardo Maruchi"]
[Black "Poliakova, Varvara"]
[WhiteFideId "2110440"]
[BlackFideId "13518313"]
[WhiteElo "1945"]
[BlackElo "2099"]
[Result "0-1"]
[Round "01"]
[TimeControl "180+1"]
[Date "2022.11.23"]
[WhiteClock "0:00:01"]
[BlackClock "0:01:01"]

1. e4 e5 2. f4 d5 3. exd5 c6 4. dxc6 Nxc6 5. Nf3 Bg4 6. d3 Bd6 7. fxe5 Nxe5 8. Be2 Nxf3+ 9. Bxf3 Bxf3 10. Qxf3 Qc7 11. Nc3 O-O-O 12. Be3 Bc5 13. O-O-O Bxe3+ 14. Qxe3 Kb8 15. Nb5 Qb6 16. Qe5+ Kc8 17. d4 a6 18. Nc3 Nf6 19. Rhe1 Qd6 20. h3 h6 21. Kb1 Qxe5 22. dxe5 Rxd1+ 23. Rxd1 Nd7 24. Re1 Re8 25. Ne4 Rxe5 26. Nd6+ Kc7 27. Ne8+ Kc6 28. Rxe5 Nxe5 29. Nxg7 Kd5 30. Nf5 h5 31. Kc1 Ng6 32. Kd2 Ke5 33. Ne7 Nxe7 34. Ke3 Nd5+ 35. Kf3 f5 36. c4 Nf4 37. g4 fxg4+ 38. hxg4 hxg4+ 39. Kxg4 Nd3 40. b3 Nc1 41. Kf3 Nxa2 42. Ke3 Nc1 43. b4 Na2 44. b5 a5 45. Kd3 Kd6 0-1


[Site "https://www.chess.com"]

[Event "Titled Tuesday Blitz November 22 Late 2022"]
[White "Doluhanova, Evgeniya"]
[Black "Weetik, Vjacheslav"]
[WhiteFideId "14112035"]
[BlackFideId "4153472"]
[WhiteElo "2164"]
[BlackElo "2469"]
[Result "0-1"]
[Round "01"]
[TimeControl "180+1"]
[Date "2022.11.23"]
[WhiteClock "0:00:22"]
[BlackClock "0:00:03"]

1. Nf3 Nf6 2. c4 e6 3. Nc3 d5 4. cxd5 exd5 5. e3 c5 6. d4 a6 7. dxc5 Bxc5 8. Bd3 Nc6 9. O-O O-O 10. a3 Ba7 11. b4 d4 12. exd4 Nxd4 13. Nxd4 Qxd4 14. Bb2 Qh4 15. Qf3 Bd4 16. Rab1 Ng4 17. Qg3 Qxg3 18. hxg3 Rd8 19. Be4 Rb8 20. Nd5 Bxb2 21. Rxb2 Be6 22. Nf4 Bc4 23. Rc1 b5 24. Re1 g6 25. Bf3 Nf6 26. g4 h6 27. Re3 Rd4 28. g3 Rbd8 29. Kg2 Rd2 30. Rxd2 Rxd2 31. Ne2 Kf8 32. Nc3 Rc2 33. Ne4 Nxe4 34. Bxe4 Ra2 35. Bb7 Kg7 36. Bxa6 Bd5+ 37. Kg1 Ra1+ 38. Kh2 Rh1# 0-1


[Site "https://www.chess.com"]

[Event "Titled Tuesday Blitz November 22 Late 2022"]
[White "Drygalov, Andrey"]
[Black "Suarez Uriel, Adrian"]
[WhiteFideId "24171735"]
[BlackFideId "22230874"]
[WhiteElo "2472"]
[BlackElo "2331"]
[Result "1-0"]
[Round "01"]
[TimeControl "180+1"]
[Date "2022.11.23"]
[WhiteClock "0:01:39"]
[BlackClock "0:00:29"]

1. e4 c5 2. Nf3 d6 3. d4 cxd4 4. Nxd4 Nf6 5. Nc3 a6 6. Be3 e5 7. Nb3 Be7 8. f3 Be6 9. Qd2 h5 10. Be2 Nbd7 11. Nd5 Nxd5 12. exd5 Bf5 13. O-O a5 14. a4 Qc7 15. c4 O-O 16. Rac1 b6 17. f4 exf4 18. Bxf4 Bg6 19. Nd4 Bf6 20. Nc6 Rae8 21. Bd3 Bxd3 22. Qxd3 Nc5 23. Qc2 Qd7 24. Bg3 h4 25. Bf2 h3 26. Bg3 hxg2 27. Qxg2 Nd3 28. Rcd1 Ne5 29. Rxf6 gxf6 30. Bxe5+ Kh7 31. Qe4+ f5 32. Qh4+ Kg6 33. Kh1 1-0


[Site "https://www.chess.com"]

[Event "Titled Tuesday Blitz November 22 Late 2022"]
[White "Drygalov, Sergey"]
[Black "Koutlas, Nikolaos"]
[WhiteFideId "24171743"]
[BlackFideId "25827138"]
[WhiteElo "2528"]
[BlackElo "2167"]
[Result "1-0"]
[Round "01"]
[TimeControl "180+1"]
[Date "2022.11.22"]
[WhiteClock "0:00:20"]
[BlackClock "0:00:06"]

1. d4 Nf6 2. c4 g6 3. Nc3 Bg7 4. e4 d6 5. Nf3 O-O 6. Be2 Nc6 7. d5 Nb4 8. O-O a5 9. Be3 e5 10. Nd2 Na6 11. a3 Nc5 12. b4 axb4 13. axb4 Rxa1 14. Qxa1 Na6 15. Qa3 Ng4 16. Bxg4 Bxg4 17. b5 Nb8 18. c5 dxc5 19. Bxc5 Re8 20. Nc4 Nd7 21. Bb4 g5 22. d6 c6 23. bxc6 bxc6 24. Qa7 Qb8 25. Qxb8 Rxb8 26. Ba5 Bf8 27. Bc7 Rb3 28. Rc1 f6 29. h3 Be6 30. Na5 c5 31. Nxb3 Bxb3 32. Rb1 Bc4 33. Na4 Bd3 34. Rc1 c4 35. f3 Kf7 36. Nb2 Ke6 37. Nxc4 h5 38. Ne3 h4 39. Nd5 Bb5 40. Nc3 Bc6 41. Nd1 Ba4 42. Ne3 Bxd6 43. Bxd6 Kxd6 44. Kf2 Bb5 45. Rd1+ Ke6 46. Nf5 Nc5 47. Rd6+ Kf7 48. Rd5 Nd3+ 49. Ke3 Nf4 50. Rxb5 Nxg2+ 51. Kf2 Nf4 52. Rb7+ Kg6 53. Rg7+ Kh5 54. Ne7 Nxh3+ 55. Kf1 Nf4 56. Ng8 h3 57. Nxf6+ Kh4 58. Kf2 g4 59. Rxg4# 1-0


[Site "https://www.chess.com"]

[Event "Titled Tuesday Blitz November 22 Late 2022"]
[White "Dudzinski, Pawel"]
[Black "Vykouk, Jan"]
[WhiteFideId "1117890"]
[BlackFideId "349658"]
[WhiteElo "2086"]
[BlackElo "2378"]
[Result "0-1"]
[Round "01"]
[TimeControl "180+1"]
[Date "2022.11.23"]
[WhiteClock "0:00:04"]
[BlackClock "0:00:40"]

1. e4 c5 2. c4 Nc6 3. Nc3 g6 4. g3 Bg7 5. Bg2 e6 6. Nge2 Nge7 7. d3 O-O 8. Rb1 d5 9. exd5 exd5 10. Nxd5 Nxd5 11. cxd5 Nb4 12. Nc3 Re8+ 13. Be3 Bf5 14. O-O Bxd3 15. Bxc5 Bxf1 16. Kxf1 Qa5 17. Bd4 Bxd4 18. Qxd4 Nxa2 19. Nxa2 Qxa2 20. Rd1 Qa6+ 21. Kg1 Qd6 22. b4 a6 23. Qc5 Red8 24. h3 Rac8 25. Qxd6 Rxd6 26. Rd4 b6 27. h4 h5 28. Kh2 Rc2 29. f4 a5 30. bxa5 bxa5 31. Ra4 Rc5 32. Kh3 f5 33. Ra3 Rc4 34. Rb3 a4 35. Rb8+ Kf7 36. Rb7+ Kf6 37. Ra7 Rb4 38. Bf3 Rdb6 39. Bg2 Rd4 40. Bf3 Rd3 41. Be2 Re3 42. Bd1 a3 43. Ba4 Re7 44. Bd7 Rxd7 45. Rxd7 Ra6 46. Rd6+ Rxd6 0-1


[Site "https://www.chess.com"]

[Event "Titled Tuesday Blitz November 22 Late 2022"]
[White "Eric0702"]
[Black "Maksimovic, Bojan"]
[BlackFideId "14408120"]
[WhiteElo "2436"]
[BlackElo "2447"]
[Result "0-1"]
[Round "01"]
[TimeControl "180+1"]
[Date "2022.11.23"]
[WhiteClock "0:00:17"]
[BlackClock "0:02:03"]

1. d4 Nf6 2. Nf3 g6 3. c4 Bg7 4. Nc3 O-O 5. g3 d6 6. Bg2 Nc6 7. O-O a6 8. b3 Rb8 9. d5 Na5 10. Bg5 h6 11. Bd2 c5 12. dxc6 Nxc6 13. Ne1 Bf5 14. e4 Bg4 15. Qc2 Nd4 16. Qd3 Nd7 17. h3 Be2 18. Nxe2 Nxe2+ 19. Qxe2 Bxa1 20. Bxh6 Bg7 21. Bxg7 Kxg7 22. Nd3 b5 23. Rc1 bxc4 24. Rxc4 Rc8 25. Qb2+ Kg8 26. Ra4 a5 27. h4 Nc5 28. Nxc5 Rxc5 29. Qd2 Qb6 30. Bf3 Rfc8 31. Qh6 Rc2 0-1


[Site "https://www.chess.com"]

[Event "Titled Tuesday Blitz November 22 Late 2022"]
[White "Fedoseev, Vladimir"]
[Black "Bilan, Danila"]
[WhiteFideId "24130737"]
[BlackFideId "24161918"]
[WhiteElo "2726"]
[BlackElo "2173"]
[Result "1-0"]
[Round "01"]
[TimeControl "180+1"]
[Date "2022.11.22"]
[WhiteClock "0:02:11"]
[BlackClock "0:00:36"]

1. e4 c6 2. d4 d5 3. exd5 cxd5 4. Bd3 Nc6 5. c3 Qc7 6. Ne2 Bg4 7. Qb3 e6 8. Bf4 Qd7 9. Ng3 g6 10. Nd2 Bg7 11. h3 Bf5 12. Nxf5 gxf5 13. g4 Nge7 14. gxf5 Nxf5 15. Bxf5 exf5 16. Rg1 Bf6 17. O-O-O O-O-O 18. Qc2 Rde8 19. Nb3 b6 20. Qd3 Re4 21. Qf3 Kb7 22. Kb1 Qe6 23. Nd2 Re2 24. Be3 Rxd2 25. Rxd2 Na5 26. Re2 Qe4+ 27. Qxe4 fxe4 28. b3 h6 29. Bf4 Nc6 30. f3 Re8 31. fxe4 dxe4 32. Rge1 Bh4 33. Rxe4 Rg8 34. R1e2 Rg1+ 35. Kb2 h5 36. d5 1-0


[Site "https://www.chess.com"]

[Event "Titled Tuesday Blitz November 22 Late 2022"]
[White "Fernandez De La Vara, Arnaldo"]
[Black "Polster, Christian"]
[WhiteFideId "3518388"]
[BlackFideId "12965081"]
[WhiteElo "2387"]
[BlackElo "2209"]
[Result "1-0"]
[Round "01"]
[TimeControl "180+1"]
[Date "2022.11.23"]
[WhiteClock "0:01:36"]
[BlackClock "0:00:42"]

1. Nf3 d5 2. g3 Nf6 3. Bg2 c5 4. O-O Nc6 5. d4 e6 6. c4 Be7 7. Nc3 dxc4 8. dxc5 Qxd1 9. Rxd1 Bxc5 10. Bg5 Be7 11. Rac1 Bd7 12. Nb5 Rc8 13. Rxc4 1-0


[Site "https://www.chess.com"]

[Event "Titled Tuesday Blitz November 22 Late 2022"]
[White "Fernandez Guillen, Ernesto J."]
[Black "Silva, Caio Henrique Angelico"]
[WhiteFideId "3512428"]
[BlackFideId "22777210"]
[WhiteElo "2450"]
[BlackElo "1990"]
[Result "1-0"]
[Round "01"]
[TimeControl "180+1"]
[Date "2022.11.23"]
[WhiteClock "0:01:25"]
[BlackClock "0:01:55"]

1. e4 c6 2. d4 d5 3. e5 c5 4. dxc5 e6 5. a3 Bxc5 6. b4 Be7 7. Qg4 g6 8. Nf3 a5 9. Bb2 h5 10. Qf4 g5 11. Qd2 axb4 12. axb4 Rxa1 13. Bxa1 g4 14. Nd4 Nc6 15. b5 Nxd4 16. Bxd4 Nh6 17. Bd3 Bd7 18. O-O Qc7 19. Nc3 Bb4 20. Nxd5 Qa5 21. Qxb4 1-0


[Site "https://www.chess.com"]

[Event "Titled Tuesday Blitz November 22 Late 2022"]
[White "Fier, Alexandr"]
[Black "Mikhalsky, Vladimir"]
[WhiteFideId "2107139"]
[BlackFideId "14144352"]
[WhiteElo "2617"]
[BlackElo "2271"]
[Result "1-0"]
[Round "01"]
[TimeControl "180+1"]
[Date "2022.11.23"]
[WhiteClock "0:02:11"]
[BlackClock "0:00:01"]

1. d4 Nf6 2. Bg5 Ne4 3. h4 c5 4. dxc5 Qa5+ 5. Nd2 Nxg5 6. hxg5 Qxc5 7. g6 fxg6 8. e3 Nc6 9. Ngf3 e6 10. Bd3 Ne7 11. c3 Nf5 12. g4 Ne7 13. Qc2 b6 14. Rxh7 Rxh7 15. Bxg6+ Nxg6 16. Qxg6+ Kd8 17. Qxh7 Bb7 18. O-O-O Qa5 19. Nc4 Qxa2 20. Nfe5 Qa1+ 21. Kd2 Qa4 22. Ke1 Bd5 23. Qd3 b5 24. Nd2 d6 25. e4 dxe5 26. exd5 Qxg4 27. dxe6+ Ke7 28. Qd7+ Kf6 29. Qf7+ Kg5 30. Nf3+ Kh6 31. Kf1 Qh3+ 32. Ke2 g6 33. Rg1 1-0


[Site "https://www.chess.com"]

[Event "Titled Tuesday Blitz November 22 Late 2022"]
[White "Figorito, Nick"]
[Black "Mladek, Richard"]
[WhiteFideId "30923689"]
[BlackFideId "386588"]
[WhiteElo "2288"]
[BlackElo "2271"]
[Result "0-1"]
[Round "01"]
[TimeControl "180+1"]
[Date "2022.11.23"]
[WhiteClock "0:00:42"]
[BlackClock "0:00:34"]

1. Nf3 d5 2. g3 c5 3. Bg2 Nc6 4. d4 Nf6 5. O-O e6 6. c4 dxc4 7. Ne5 Bd7 8. Nxc6 Bxc6 9. Bxc6+ bxc6 10. Qa4 Qb6 11. Na3 cxd4 12. Nxc4 Qb5 13. Qc2 Be7 14. a4 Qd5 15. e3 d3 16. Qb3 O-O 17. Nd2 Qxb3 18. Nxb3 c5 19. Na5 Rac8 20. Nc4 Rfd8 21. Bd2 Ne4 22. Rfd1 Bf6 23. f3 Nd6 24. Nxd6 Rxd6 25. Bc3 Bxc3 26. bxc3 c4 27. Rd2 Rb6 28. e4 Rb3 29. Rc1 Rcb8 30. Kf2 e5 31. Ke3 f6 32. f4 Kf7 33. fxe5 fxe5 34. Rf2+ Ke6 35. Ra2 Rb2 36. Rca1 R8b3 37. a5 Rxa2 38. Rxa2 Rxc3 39. Ra4 Rc2 40. Rb4 d2 41. Ke2 c3 0-1


[Site "https://www.chess.com"]

[Event "Titled Tuesday Blitz November 22 Late 2022"]
[White "Filgueira, Hernan"]
[Black "Onslow, Alfie"]
[WhiteFideId "101770"]
[BlackFideId "436976"]
[WhiteElo "2363"]
[BlackElo "2015"]
[Result "0-1"]
[Round "01"]
[TimeControl "180+1"]
[Date "2022.11.23"]
[WhiteClock "0:00:17"]
[BlackClock "0:00:07"]

1. e4 g6 2. d4 Bg7 3. Ne2 c6 4. c4 d5 5. exd5 cxd5 6. cxd5 Nf6 7. Nbc3 O-O 8. Nf4 Nbd7 9. Be2 Nb6 10. Bf3 Bf5 11. O-O Qd7 12. Re1 Rfd8 13. h3 h5 14. a4 Rac8 15. Qb3 Nc4 16. a5 h4 17. Ra4 Nd6 18. Be3 g5 19. Nh5 g4 20. hxg4 Bxg4 21. Nxg7 Bxf3 22. gxf3 Kxg7 23. Kf1 Rh8 24. Ke2 h3 25. Rg1+ Kf8 26. Raa1 Qf5 27. Rg3 Nh5 28. Rg4 Nc4 29. Rh1 Nxe3 30. fxe3 Qxg4 31. fxg4 Ng3+ 32. Kd3 Nxh1 33. Qxb7 Kg7 34. d6 Nf2+ 35. Ke2 Nxg4 36. d7 Rcd8 37. Qf3 Nf6 38. Qg3+ Kf8 39. Qh2 Rxd7 40. a6 Ng4 41. Qb8+ Kg7 42. Qg3 h2 43. Qxg4+ Kf8 44. Qxd7 h1=Q 45. Qc8+ Kg7 46. Qg4+ Kf8 47. Kd3 Qh7+ 48. Kc4 Qc2 49. Qc8+ Kg7 50. Qg4+ Qg6 51. Qxg6+ Kxg6 52. Nb5 Rb8 53. Nxa7 Rb6 54. Nc8 Rxa6 55. Nxe7+ Kf6 56. Nd5+ Kf5 57. Nc3 Rc6+ 58. Kd3 Rc8 59. e4+ Kf4 60. e5 Rb8 61. b4 Kf3 62. b5 Rb7 63. Kc4 Ke3 64. d5 Rb8 65. d6 Rc8+ 66. Kb4 Kd4 67. d7 Rd8 68. e6 fxe6 69. Ne2+ Kd5 70. Nf4+ Kd6 71. b6 Rxd7 72. Kb5 Rd8 73. b7 e5 74. Ne2 Kc7 75. Ka6 Rb8 76. Nc3 Rxb7 77. Nd5+ Kb8 0-1


[Site "https://www.chess.com"]

[Event "Titled Tuesday Blitz November 22 Late 2022"]
[White "Fiol, Fabrice"]
[Black "Pakleza, Zbigniew"]
[WhiteFideId "611670"]
[BlackFideId "1119290"]
[WhiteElo "2455"]
[BlackElo "2411"]
[Result "0-1"]
[Round "01"]
[TimeControl "180+1"]
[Date "2022.11.23"]
[WhiteClock "0:00:35"]
[BlackClock "0:00:25"]

1. e4 d6 2. d4 Nf6 3. Nc3 c6 4. h3 b5 5. Bd3 e5 6. Nf3 Nbd7 7. O-O Be7 8. a4 b4 9. Ne2 O-O 10. Ng3 Re8 11. c3 bxc3 12. bxc3 Bf8 13. Re1 Rb8 14. Bg5 Qa5 15. Qc2 g6 16. Rab1 Rxb1 17. Rxb1 Bg7 18. dxe5 dxe5 19. Bc4 Nc5 20. Be3 Qxa4 21. Qxa4 Nxa4 22. Ng5 Be6 23. Bxe6 fxe6 24. Bd2 Nc5 25. f3 h6 26. Be3 Ncd7 27. Rb7 hxg5 28. Bxg5 Ra8 29. Ne2 a5 30. Nc1 a4 31. Na2 Bf8 32. f4 exf4 33. e5 Ne4 34. Bxf4 Ndc5 35. Rc7 Nd3 36. Be3 Nxe5 37. Bd4 Bc5 38. Kh2 Bd6 39. Rb7 Nf3+ 40. Kh1 Ng3# 0-1


[Site "https://www.chess.com"]

[Event "Titled Tuesday Blitz November 22 Late 2022"]
[White "Floresvillar Gonzalez, Luis Migu"]
[Black "Koellner, Ruben Gideon"]
[WhiteFideId "5100542"]
[BlackFideId "12993093"]
[WhiteElo "2040"]
[BlackElo "2303"]
[Result "0-1"]
[Round "01"]
[TimeControl "180+1"]
[Date "2022.11.23"]
[WhiteClock "0:00:58"]
[BlackClock "0:00:45"]

1. e4 d6 2. Nf3 Nf6 3. Nc3 e5 4. d4 Nbd7 5. Bg5 Be7 6. Bc4 h6 7. Be3 c6 8. Bb3 Qc7 9. dxe5 dxe5 10. O-O Nf8 11. Qe2 g5 12. h3 Ng6 13. Rfd1 g4 14. hxg4 Bxg4 15. Rd2 Rh7 16. Rad1 Nh4 17. a3 Qc8 18. Bc5 Bxc5 19. Rd8+ Qxd8 20. Rxd8+ Rxd8 21. Qc4 Nxf3+ 22. gxf3 Bxf3 23. Qxc5 Rg7+ 24. Kh2 Rg2+ 25. Kh3 Ng4 26. Bxf7+ Kxf7 27. Qc4+ Kf6 28. Nd5+ cxd5 29. exd5 Nxf2+ 30. Kh4 Rg4+ 31. Qxg4 Nxg4 0-1


[Site "https://www.chess.com"]

[Event "Titled Tuesday Blitz November 22 Late 2022"]
[White "Forgacs, Attila Jr."]
[Black "Tanenbaum, Zachary"]
[WhiteFideId "773654"]
[BlackFideId "2060850"]
[WhiteElo "2168"]
[BlackElo "2175"]
[Result "0-1"]
[Round "01"]
[TimeControl "180+1"]
[Date "2022.11.23"]
[WhiteClock "0:01:21"]
[BlackClock "0:00:07"]

1. e4 e5 2. Nf3 Nc6 3. Bb5 a6 4. Ba4 d6 5. O-O Nf6 6. Bxc6+ bxc6 7. d4 exd4 8. Re1 Be7 9. Qxd4 c5 10. Qd3 O-O 11. Nc3 Re8 12. Bg5 a5 13. Rad1 Ba6 14. Qd2 Rb8 15. b3 c4 16. e5 dxe5 17. Nxe5 Qxd2 18. Rxd2 Bb4 19. Bxf6 gxf6 20. Rd4 Rxe5 21. Rxe5 fxe5 22. Rg4+ Kf8 23. Nd5 Rd8 24. Ne3 cxb3 25. cxb3 Rd2 26. h4 Rxa2 27. Nf5 Bc8 28. Rg5 Bxf5 29. Rxf5 Bd6 30. Rh5 Rb2 31. Rxh7 Rxb3 32. Rh8+ Ke7 33. Ra8 e4 34. Ra6 Rb1# 0-1


[Site "https://www.chess.com"]

[Event "Titled Tuesday Blitz November 22 Late 2022"]
[White "Garcia Pantoja, Roberto"]
[Black "Ansh M Shah"]
[WhiteFideId "3509265"]
[BlackFideId "25033379"]
[WhiteElo "2524"]
[BlackElo "2084"]
[Result "1-0"]
[Round "01"]
[TimeControl "180+1"]
[Date "2022.11.23"]
[WhiteClock "0:01:59"]
[BlackClock "0:01:33"]

1. Nf3 Nf6 2. e3 e6 3. c4 d5 4. b3 Be7 5. Bb2 O-O 6. Nc3 b6 7. cxd5 exd5 8. d4 Bb7 9. Be2 Nbd7 10. O-O c5 11. Rc1 Rc8 12. dxc5 Nxc5 13. Nb5 a6 14. Nbd4 Nfe4 15. b4 Ne6 16. Ne5 Bf6 17. Rxc8 Qxc8 18. Nef3 Nc3 19. Qd2 Nxe2+ 20. Nxe2 Bxb2 21. Qxb2 Qd7 22. Ned4 Rc8 23. Rc1 Rxc1+ 24. Qxc1 Qc8 25. Qb2 Qc4 26. h3 Bc8 27. a3 g6 28. Ne5 Qc7 29. Ng4 Nxd4 30. Nf6+ Kg7 31. Ne8+ 1-0


[Site "https://www.chess.com"]

[Event "Titled Tuesday Blitz November 22 Late 2022"]
[White "Garcia Ramos, Daniel"]
[Black "De Souza, Cristiano Gomes"]
[WhiteFideId "32010311"]
[BlackFideId "2151758"]
[WhiteElo "2357"]
[BlackElo "2068"]
[Result "1-0"]
[Round "01"]
[TimeControl "180+1"]
[Date "2022.11.23"]
[WhiteClock "0:00:06"]
[BlackClock "0:00:31"]

1. e4 c5 2. Nf3 d6 3. d4 cxd4 4. Nxd4 Nf6 5. f3 g6 6. c4 Bg7 7. Nc3 O-O 8. Be3 Bd7 9. Qd2 Nc6 10. Be2 a5 11. O-O Nxd4 12. Bxd4 Bc6 13. Rfd1 Nd7 14. Be3 a4 15. Rab1 Re8 16. b4 axb3 17. axb3 Ra3 18. Nb5 Bxb5 19. cxb5 Nc5 20. Bc4 Qa8 21. h4 Ra2 22. Qd5 Ne6 23. h5 Qc8 24. Rdc1 Qd7 25. b6 Rc8 26. Bb5 Rxc1+ 27. Rxc1 Qd8 28. Qxb7 Ra8 29. hxg6 hxg6 30. Bd7 Nd4 31. Qxa8 Qxa8 32. Rc8+ Qxc8 33. Bxc8 Nc6 34. Bd7 Nb8 35. Bb5 Bc3 36. Kf2 Kf8 37. Ke2 Ba5 38. Kd3 e6 39. Kc4 Be1 40. b7 Bg3 41. Ba7 d5+ 42. exd5 exd5+ 43. Kxd5 Ke7 44. Bc5+ Kf6 45. Bd6 Bxd6 46. Kxd6 Kg5 47. Kc7 1-0


[Site "https://www.chess.com"]

[Event "Titled Tuesday Blitz November 22 Late 2022"]
[White "Gareyev, Timur"]
[Black "Kaplan, Avi Harrison"]
[WhiteFideId "14200937"]
[BlackFideId "30934559"]
[WhiteElo "2552"]
[BlackElo "1983"]
[Result "1-0"]
[Round "01"]
[TimeControl "180+1"]
[Date "2022.11.23"]
[WhiteClock "0:00:09"]
[BlackClock "0:00:04"]

1. e4 c5 2. b4 cxb4 3. Nf3 Nf6 4. e5 Nd5 5. a3 d6 6. Bb2 dxe5 7. Nxe5 Nd7 8. Bb5 a6 9. axb4 Qc7 10. Qf3 Nf6 11. O-O e6 12. Bxd7+ Bxd7 13. Nxd7 Nxd7 14. b5 Bd6 15. Bxg7 Rg8 16. Bc3 Bxh2+ 17. Kh1 Be5 18. bxa6 Rxa6 19. Rxa6 bxa6 20. Qa8+ Nb8 21. Re1 Rg5 22. Kg1 Rh5 23. Qf3 Rf5 24. Qg4 Bh2+ 25. Kf1 Be5 26. Qxf5 exf5 27. Bxe5 Qc4+ 28. d3 Qxc2 29. Bxb8+ Kf8 30. d4 Qd3+ 31. Kg1 Qxd4 32. Be5 Qa4 33. Nc3 Qc6 34. Bf4 a5 35. Nd5 Kg7 36. Be5+ Kh6 37. Ne3 a4 38. Nxf5+ Kg5 39. Nd4 Qc4 40. Re3 a3 41. Rg3+ Kh5 42. Nf3 Qc1+ 43. Kh2 a2 44. Rg5+ Qxg5 45. Nxg5 Kxg5 46. Kg3 Kf5 47. Ba1 Ke4 48. Kg4 Kd3 49. Kf3 Kc2 50. g4 Kb1 51. Bd4 Kc2 52. Kf4 Kd3 53. Ba1 Kc4 54. Kf5 Kd3 55. f4 Ke3 56. g5 Kf3 57. Be5 Kg3 58. Kf6 Kg4 59. f5 Kh5 60. Kxf7 Kxg5 61. Ke6 h5 62. f6 a1=Q 63. Bxa1 h4 64. Be5 h3 65. f7 Kg4 66. f8=Q Kh4 67. Qf4+ Kh5 68. Bf6 Kg6 69. Qg5+ Kh7 70. Qg7# 1-0


[Site "https://www.chess.com"]

[Event "Titled Tuesday Blitz November 22 Late 2022"]
[White "Gascon Del Nogal, Jose Rafael"]
[Black "Torres Boch, Jose Francisco"]
[WhiteFideId "3902463"]
[BlackFideId "2278383"]
[WhiteElo "2473"]
[BlackElo "2073"]
[Result "1-0"]
[Round "01"]
[TimeControl "180+1"]
[Date "2022.11.23"]
[WhiteClock "0:01:48"]
[BlackClock "0:00:25"]

1. Nf3 Nf6 2. c4 c5 3. d4 cxd4 4. Nxd4 g6 5. Nc3 Bg7 6. e4 O-O 7. Be2 Nc6 8. Be3 Qa5 9. O-O e6 10. Ndb5 d5 11. exd5 exd5 12. cxd5 Nb4 13. a3 Na6 14. Nd6 Bd7 15. Nxb7 Qc7 16. Bxa6 1-0


[Site "https://www.chess.com"]